 Dungeon Crawl Stone Soup version 0.28.0 (webtiles) character file.

Game seed: 13572726550103272915

19 enile the Chiller (level 2, -3/15 HPs)
             Began as a Vine Stalker Ice Elementalist on Feb 15, 2022.
             Slain by a hobgoblin (5 damage)
             ... led by Robin
             ... on level 2 of the Dungeon.
             The game lasted 00:01:13 (900 turns).

enile the Chiller (Vine Stalker Ice Elementalist)    Turns: 900, Time: 00:01:13

Health: -3/15      AC:  2    Str: 10    XL:     2   Next: 75%
Magic:  0/6        EV: 12    Int: 15    God:
Gold:   65         SH:  0    Dex: 14    Spells: 4/5 levels left

rFire   + . .      SeeInvis .   h - staff of fire
rCold   . . .      Faith    .   (no shield)
rNeg    . . .      Spirit   +   a - +0 robe
rPois   .          Reflect  .   (no helmet)
rElec   .          Harm     .   (no cloak)
rCorr   .          Rampage  .   (no gloves)
Will    .....                   (no boots)
Stlth   ++........              (no amulet)
HPRegen 0.05/turn               (no ring)
MPRegen 0.10/turn               (no ring)

@: no status effects
A: fangs 2, magic shield, antimagic bite, no potion heal 2
a: no special abilities


You were on level 2 of the Dungeon.
You visited 1 branch of the dungeon, and saw 2 of its levels.

You collected 65 gold pieces.

Inventory:

Armour
 a - a +0 robe (worn)
Magical Staves
 h - a staff of fire (weapon)
Scrolls
 g - a scroll of identify {unknown}
Potions
 b - a potion of curing {unknown}
 d - a potion of haste {unknown}
 e - a potion of cancellation {unknown}
 f - a potion of mutation {unknown}


   Skills:
 - Level 2.0 Fighting
 - Level 1.5 Dodging
 - Level 2.4 Stealth
 + Level 2.3 Spellcasting
 - Level 4.0 Ice Magic


You had 4 spell levels left.
You knew the following spells:

 Your Spells              Type           Power      Damage    Failure   Level
a - Freeze                Ice            52%        1d7       4%          1

Your spell library contained the following spells:

 Spells                   Type           Power      Damage    Failure   Level
 Frozen Ramparts          Ice            26%        1d4       13%         3
 Ozocubu's Armour         Ice            13%        N/A       13%         3
 Hailstorm                Conj/Ice       7%         3d4       67%         4


Dungeon Overview and Level Annotations

Branches:
Dungeon (2/15)

Altars:

Annotations:
D:2 Robin


Innate Abilities, Weirdness & Mutations

You have extremely sharp teeth.
When hurt, damage is shared between your health and your magic reserves.
Your bite disrupts and absorbs the magic of your enemies.
Potions cannot restore your health.


Message History

The hobgoblin barely misses you.
You closely miss the hobgoblin. You bite the hobgoblin. You drain its power.
The hobgoblin is almost dead.
The hobgoblin barely misses you.
You closely miss the hobgoblin. Your punch misses the hobgoblin.
The hobgoblin is almost dead.
The hobgoblin barely misses you. x2
You completely miss the hobgoblin.
You bite the hobgoblin, but do no damage.
The hobgoblin is almost dead.
Robin says, "My goblins will feast on your bones."
A goblin comes into view. It is wielding a +0 club.
The hobgoblin hits you.
You hit the hobgoblin.
You kill the hobgoblin!
Robin throws the goblin at you! The goblin hits you with a +0 club.
Casting: Freeze (safe; 4% risk of failure)
Confirm with . or Enter, or press ? or * to list all spells.
Aiming: Freeze (safe; 4% risk of failure)
Press: ? - help, Shift-Dir - straight line, f - hobgoblin
Aim: a hobgoblin You freeze the hobgoblin.
The hobgoblin is severely wounded.
A hobgoblin comes into view.
The hobgoblin hits you. The goblin hits you with a +0 club.
The hobgoblin shouts!
You hit the goblin but do no damage. The hobgoblin barely misses you.
The goblin hits you with a +0 club.
Robin roars a battlecry!
The goblins go into a battle-frenzy!
You barely miss the goblin. Your bite misses the goblin.
The hobgoblin barely misses you. The goblin barely misses you.
You hit the goblin but do no damage. The hobgoblin hits you.
* * * LOW HITPOINT WARNING * * *
The goblin misses you. The hobgoblin hits you.
* * * LOW HITPOINT WARNING * * *
As you read the scroll labelled IWNICK TI EZO, it crumbles to dust.
Wisps of shadow whirl around you...
It was a scroll of summoning.
The goblin barely misses you. The hobgoblin hits you.
You die... ############ #gggggg@gr.#

#.########.#
...#.#
#########
#.####.#.#
#........
#........#
#.#######
######.###
#.# #.# #.#
#.# #.# #.#
#.#


You could see Robin, 5 hobgoblins, a goblin (strong, ally target) and a friendly
rat (summoned).

Vanquished Creatures
  2 dart slugs (D:1)
  A ball python (D:1)
  An endoplasm (D:1)
  A goblin (D:1)
  2 hobgoblins
  4 kobolds (D:1)
  2 frilled lizards (D:1)
  2 rats (D:1)
15 creatures vanquished.

Notes
Turn   | Place    | Note
-------+----------+-------------------------------------------
     0 | D:1      | enile the Vine Stalker Ice Elementalist began the quest for
                  | the Orb.
     0 | D:1      | Reached XP level 1. HP: 9/9 MP: 4/4
   122 | D:1      | Reached skill level 1 in Fighting
   313 | D:1      | Reached XP level 2. HP: 14/14 MP: 6/6
   889 | D:2      | Noticed Robin
   900 | D:2      | Slain by a hobgoblin

Illustrated notes

Levels and vault maps discovered:
D:1:      minmay_arrival_solitary_statue, layout_loops_ring
D:2:      layout_basic, chequers_serial_rivers_micro_d, uniq_robin, uniq_sigmund

Skill      XL: |  1  2 |
---------------+-------+-----
Fighting       | 1 2 |  2.0
Dodging        | |  1.5
Stealth        | |  2.4
Spellcasting   | |  2.3
Ice Magic      | |  4.0

Action                   || total
-------------------------++-------
Melee: Unarmed           ||    13
       Bite              ||     8
       Punch             ||     1
       Staff             ||     8
 Cast: Freeze            ||    18
  Use: Scroll            ||     1
Armor: Robe              ||     4
Dodge: Dodged            ||    23
